 Dungeon Crawl Stone Soup version 0.19-a0-1834-g6b7851e (webtiles) character file.

412 Zhenya24pyc the Cudgeler (level 6, -2/40 HPs)
             Began as a Gargoyle Fighter on Oct 9, 2016.
             Slain by Menkaure (7 damage)
             ... on level 4 of the Dungeon.
             The game lasted 00:03:11 (2161 turns).

Zhenya24pyc the Cudgeler (Gargoyle Fighter)         Turns: 2161, Time: 00:03:12

Health: -2/40      AC: 14    Str: 22    XL:     6   Next: 90%
Magic:  6/6        EV:  7    Int:  8    God:
Gold:   282        SH:  9    Dex:  9    Spells: 0 memorised, 5 levels left

rFire  . . .     SeeInvis .     a - +0 flail
rCold  . . .     Gourm    .     b - +0 scale mail
rNeg   + . .     Faith    .     q - +0 shield
rPois  ∞         Spirit   .     (no helmet)
rElec  +         Dismiss  .     (no cloak)
rCorr  .         Reflect  .     n - +0 pair of gloves
MR     .....     Harm     .     s - +0 pair of boots
Stlth  ..........               (no amulet)
                                (no ring)
                                (no ring)

@: no status effects
A: negative energy resistance 1, electricity resistance, unbreathing,
petrification resistance, rot immunity, AC +4
a: no special abilities


You were on level 4 of the Dungeon.
You were hungry.

You visited 1 branch of the dungeon, and saw 4 of its levels.

You collected 282 gold pieces.

Inventory:

Hand Weapons
 a - a +0 flail (weapon)
Armour
 b - a +0 scale mail (worn)
 n - a +0 pair of gloves (worn)
 q - a +0 shield (worn)
 s - a +0 pair of boots (worn)
Jewellery
 y - a +1 ring of evasion {unknown}
Wands
 w - a wand of flame (27/48)
Scrolls
 c - a scroll of random uselessness {unknown}
 h - a scroll of fear {unknown}
 j - 2 scrolls of amnesia {unknown}
 k - 2 scrolls of teleportation {unknown}
 m - 2 scrolls of identify {unknown}
 o - 2 scrolls of blinking {unknown}
 p - a scroll of fog {unknown}
 r - 3 scrolls of remove curse {unknown}
 x - a scroll of enchant weapon {unknown}
Potions
 d - a potion of might
 e - a potion of cure mutation {unknown}
 g - 2 potions of cancellation {unknown}
 i - 3 potions of brilliance {unknown}
 l - a potion of curing {unknown}
 t - a potion of flight {unknown}
 u - a potion of invisibility {unknown}
 v - a potion of ambrosia {unknown}
 z - a potion of haste {unknown}
Comestibles
 f - 5 bread rations
 A - a beef jerky


   Skills:
 + Level 5.0 Fighting
 * Level 5.3 Maces & Flails
 + Level 4.8 Armour
 - Level 3.2 Shields


You had 5 spell levels left.
You didn't know any spells.

Dungeon Overview and Level Annotations

Branches:
Dungeon (4/15)
 Temple: D:4-7

Altars:
Elyvilon
Zin
The Shining One

Annotations:
D:4 Menkaure


Innate Abilities, Weirdness & Mutations

You are resistant to torment.
Your stone body is resilient. (AC +4)
You are immune to poison.
You resist negative energy. (rN+)
You are resistant to electric shocks. (rElec)
You can survive without breathing.
You are immune to petrification.
You are immune to rotting.


Message History

You block Menkaure's attack.
You hit Menkaure.
Menkaure is heavily damaged.
Menkaure barely misses you. Menkaure casts a spell at you.
Pain shoots through your body!
* * * LOW HITPOINT WARNING * * *
You hit Menkaure.
Menkaure is heavily damaged.
Menkaure casts a spell at you.
You barely resist. You hit Menkaure.
Menkaure is severely damaged.
Menkaure gestures wildly while chanting.
You block Menkaure's attack.
Your shield prevents you from hitting Menkaure.
Menkaure is severely damaged.
Menkaure's bandages flutter.
Menkaure hits you!
You die...

..........
..........
....####'#
###+###########.....
#......#............
#..... #............
#.... #............
#.M.# #'###########
#.##..@####.....#
.................#
.................#
.................#
##################


You could see Menkaure.

Vanquished Creatures
  Grinder (D:4)
  3 hounds
  2 worker ants (D:4)
  5 adders
  A gnoll (D:2)
  2 dart slugs
  A leopard gecko (D:4)
  An orc (D:3)
  2 giant cockroaches
  6 goblins
  2 hobgoblins
  3 jackals (D:4)
  2 quokkas
  8 bats
  2 frilled lizards
  6 kobolds
  3 rats
50 creatures vanquished.

Vanquished Creatures (others)
  4 toadstools (D:1)
4 creatures vanquished.

Grand Total: 54 creatures vanquished

Notes
Turn   | Place    | Note
-------+----------+-------------------------------------------
     0 | D:1      | Zhenya24pyc the Gargoyle Fighter began the quest for the Orb.
     0 | D:1      | Reached XP level 1. HP: 14/14 MP: 1/1
   249 | D:1      | Reached XP level 2. HP: 11/19 MP: 2/2
   754 | D:2      | Reached XP level 3. HP: 14/23 MP: 3/3
   769 | D:2      | Found a white marble altar of Elyvilon.
   769 | D:2      | Found a glowing silver altar of Zin.
   770 | D:2      | Found a glowing golden altar of the Shining One.
   957 | D:2      | Reached XP level 4. HP: 28/29 MP: 4/4
  1091 | D:2      | Reached XP level 5. HP: 17/33 MP: 5/5
  1658 | D:4      | Noticed Grinder
  1663 | D:4      | Paralysed by Grinder for 6 turns
  1673 | D:4      | Paralysed by Grinder for 5 turns
  1690 | D:4      | Paralysed by Grinder for 2 turns
  1697 | D:4      | Killed Grinder
  1697 | D:4      | Reached skill level 5 in Maces & Flails
  1697 | D:4      | Reached XP level 6. HP: 12/39 MP: 6/6
  2051 | D:4      | Reached skill level 5 in Fighting
  2145 | D:4      | Noticed Menkaure
  2161 | D:4      | Slain by Menkaure

Vault maps used:
D:1:      ldierk_water_garden
D:2:      good_gods_temple_1, cheibrodos_gnoll_hut
D:3:      first_bread
D:4:      uniq_grinder, uniq_menkaure

Skill      XL: |  1  2  3  4  5  6 |
---------------+-------------------+-----
Maces & Flails | 3 4 5 |  5.3
Fighting       | 4 5 |  5.0
Armour         | 4 |  4.8
Shields        | |  3.2

Action                   |  1- 3 |  4- 6 || total
-------------------------+-------+-------++-------
Melee: Flail             |   177 |   115 ||   292
  Eat: Chunk             |     1 |     3 ||     4
Armor: Scale mail        |   115 |    77 ||   192
Dodge: Dodged            |    80 |    30 ||   110
Block: Shield            |   130 |    68 ||   198
